 Dungeon Crawl Stone Soup version 0.28-a0-691-gad6df49e81 (webtiles) character file.

Game seed: 11440414629554921847

1113 Sabo the Chopper (level 8, -13/61 HPs)
             Began as a Formicid Fighter on Oct 20, 2021.
             Was a Follower of the Shining One.
             Mangled by a two-headed ogre (25 damage)
             ... on level 6 of the Dungeon.
             The game lasted 00:23:05 (4714 turns).

Sabo the Chopper (Formicid Fighter)                 Turns: 4714, Time: 00:23:05

Health: -13/61     AC: 11    Str: 21    XL:     8   Next: 60%
Magic:  8/8        EV: 12    Int:  9    God:    the Shining One [*.....]
Gold:   196        SH:  5    Dex: 11    Spells: 7/7 levels left

rFire   . . .      SeeInvis +   a - +0 war axe
rCold   . . .      Faith    .   c - +0 buckler
rNeg    + . .      Spirit   .   i - +0 chain mail
rPois   .          Reflect  .   (helmet unavailable)
rElec   .          Harm     .   q - +0 cloak
rCorr   .          Rampage  .   (no gloves)
Will    .....                   (no boots)
Stlth   ..........              g - amulet of the acrobat
HPRegen 0.20/turn               e - ring of positive energy
MPRegen 0.11/turn               m - +4 ring of evasion

@: glowing
A: permanent stasis, dig shafts and tunnels, antennae 3, four strong arms
a: Dig, Shaft Self, Renounce Religion


You were on level 6 of the Dungeon.
You worshipped the Shining One.
The Shining One was aware of your devotion.
You visited 1 branch of the dungeon, and saw 6 of its levels.

You collected 196 gold pieces.

Inventory:

Hand Weapons
 a - a +0 war axe (weapon)
 r - a +2 whip of holy wrath
Missiles
 f - 70 arrows
 k - 25 sling bullets
 l - 22 poisoned darts (quivered)
 p - 35 bolts
Armour
 b - a +0 scale mail
 c - a +0 buckler (worn)
 i - a +0 chain mail (worn)
 q - a +0 cloak (worn)
Jewellery
 e - a ring of positive energy (left hand)
 g - an amulet of the acrobat (around neck)
 m - a +4 ring of evasion (right hand)
Wands
 s - a wand of polymorph (12)
Scrolls
 d - a scroll of fog {unknown}
 n - 2 scrolls of fear
 o - a scroll of holy word
 t - a scroll of teleportation {unknown}
 v - a scroll of acquirement {unknown}
 w - a scroll of identify
Potions
 h - 3 potions of degeneration {unknown}
 j - a potion of curing {unknown}
 u - a potion of brilliance {unknown}
 x - 3 potions of mutation {unknown}


   Skills:
 + Level 4.7 Fighting
 + Level 7.8 Axes
 + Level 5.1 Armour
 + Level 1.1 Dodging
 + Level 1.5 Stealth
 + Level 4.7 Shields


You had 7 spell levels left.
You didn't know any spells.
Your spell library contained the following spells:

 Spells                   Type           Power      Damage    Failure   Level
 Magic Dart               Conj           0%         1d3       98%         1
 Shock                    Conj/Air       0%         1d3       98%         1
 Call Imp                 Summ           0%         N/A       99%         2
 Corpse Rot               Necr/Air       0%         N/A       99%         2
 Poisonous Vapours        Pois/Air       0%         N/A       99%         2
 Gell's Gravitas          Tloc           0%         N/A       100%        3
 Ignite Poison            Fire/Tmut/Pois 0%         N/A       100%        3
 Mephitic Cloud           Conj/Pois/Air  0%         N/A       100%        3
 Teleport Other           Tloc           0%         N/A       100%        3
 Airstrike                Air            0%         N/A       100%        4
 Summon Ice Beast         Ice/Summ       0%         N/A       100%        4
 Freezing Cloud           Conj/Ice/Air   0%         6-21      100%        5
 Summon Mana Viper        Hex/Summ       0%         N/A       100%        5
 Dispersal                Tloc           0%         N/A       100%        6
 Iron Shot                Conj/Erth      0%         9d1       100%        6
 Starburst                Conj/Fire      0%         6d3       100%        6
 Monstrous Menagerie      Summ           0%         N/A       100%        7
 Swiftness                Air            Unusable   N/A       N/A         3

Dungeon Overview and Level Annotations

Branches:
Dungeon (6/15)             Temple (0/1) D:4

Altars:
Ashenzari
Hepliaklqana
Okawaru
Vehumet
The Shining One

Shops:
D:5 ?


Innate Abilities, Weirdness & Mutations

You cannot be hasted, slowed, berserked, paralysed or teleported.
You can dig through walls and to a lower floor.
You have a pair of large antennae on your head. (SInv)
Your four strong arms can wield two-handed weapons with a shield.


Message History

Press: ? - help, Q - select action, (/) - cycle Shift-Dir - straight line, f/p - two-headed ogre
Aim: a two-headed ogre, wielding a +0 giant club and a +0 giant spiked club (72% to hit)
You throw a poisoned dart.
The poisoned dart completely misses the two-headed ogre.
The poisoned dart hits the bullfrog.
The bullfrog is poisoned.
An orc comes into view. It is wielding a +0 flail.
The orc shouts!
You hit the two-headed ogre.
The two-headed ogre is lightly wounded.
The two-headed ogre hits you with a +0 giant club.
The two-headed ogre hits you with a +0 giant spiked club.
You hit the two-headed ogre.
The two-headed ogre is lightly wounded.
The two-headed ogre hits you with a +0 giant club!!
The two-headed ogre misses you.
You hit the two-headed ogre but do no damage.
The two-headed ogre is lightly wounded.
The two-headed ogre barely misses you. You block the two-headed ogre's attack.
You hit the two-headed ogre.
The two-headed ogre is lightly wounded.
The bullfrog looks more healthy.
You slash the two-headed ogre!
The two-headed ogre is moderately wounded.
The two-headed ogre hits you with a +0 giant club!
You block the two-headed ogre's attack.
You slash the two-headed ogre!
The two-headed ogre is heavily wounded.
The two-headed ogre hits you with a +0 giant club!
* * * LOW HITPOINT WARNING * * *
You block the two-headed ogre's attack.
An orc comes into view. It is wielding a +0 whip.
You hit the two-headed ogre.
The two-headed ogre is heavily wounded.
You block the two-headed ogre's attack.
The two-headed ogre hits you with a +0 giant spiked club.
* * * LOW HITPOINT WARNING * * *
You hit the two-headed ogre but do no damage.
The two-headed ogre is heavily wounded.
The two-headed ogre hits you with a +0 giant club!!
You die...

#.......#.# .##
#.##....... .. ## #$.
......####.## .>. #.#
........... .... #.#
........# .....##.#
..#.#..##
.o.o...o######.#.....#
. #(.ooFO@..#.#..<#....
##.######..............
#... ###.##.........
#.... ............##
#..$## ###[##.........
#.... #............
..... #............
#..... #............
...........


You could see a two-headed ogre, a bullfrog and 3 orcs.

Vanquished Creatures
  A sky beast (D:5)
  A necrophage (D:4)
  A phantom (D:3)
  A scorpion (D:5)
  A water moccasin skeleton (D:2)
  6 killer bees (D:5)
  A howler monkey (D:3)
  A hound (D:5)
  Crazy Yiuf (D:3)
  An orc priest (D:5)
  A centaur skeleton (D:5)
  4 orc wizards
  2 iguanas
  A killer bee zombie (D:4)
  A hound skeleton (D:4)
  5 adders
  A white imp (D:3)
  4 dart slugs
  11 orcs
  8 endoplasms
  4 giant cockroaches
  6 goblins
  8 hobgoblins
  5 jackals
  7 kobolds
  3 quokkas
  6 ball pythons
  3 bats
  5 frilled lizards
  4 rats
104 creatures vanquished.

Notes
Turn   | Place    | Note
-------+----------+-------------------------------------------
     0 | D:1      | Sabo the Formicid Fighter began the quest for the Orb.
     0 | D:1      | Reached XP level 1. HP: 18/18 MP: 1/1
    45 | D:1      | Reached XP level 2. HP: 16/25 MP: 2/2
   640 | D:1      | Reached XP level 3. HP: 30/30 MP: 3/3
  1111 | D:2      | Found a glowing golden altar of the Shining One.
  1206 | D:2      | Became a worshipper of the Shining One
  1376 | D:2      | Reached skill level 3 in Axes
  1376 | D:2      | Reached XP level 4. HP: 28/37 MP: 4/4
  1555 | D:2      | Reached XP level 5. HP: 42/42 MP: 5/5
  1753 | D:3      | Noticed a phantom
  1781 | D:3      | Killed a phantom
  1782 | D:3      | Reached skill level 4 in Axes
  2083 | D:3      | Reached XP level 6. HP: 48/48 MP: 6/6
  2147 | D:3      | Reached skill level 1 in Dodging
  2336 | D:3      | Reached skill level 5 in Axes
  2414 | D:3      | Found a runed translucent door.
  2415 | D:3      | Noticed Crazy Yiuf
  2422 | D:3      | Killed Crazy Yiuf
  2636 | D:4      | Noticed a necrophage
  2636 | D:4      | Reached * piety under the Shining One
  2643 | D:4      | Killed a necrophage
  2644 | D:4      | Reached XP level 7. HP: 54/54 MP: 7/7
  2976 | D:4      | Found a hazy altar of Hepliaklqana.
  3126 | D:4      | Found an iron altar of Okawaru.
  3130 | D:4      | Reached skill level 6 in Axes
  3136 | D:4      | Found a radiant altar of Vehumet.
  3314 | D:4      | Found a broken altar of Ashenzari.
  3428 | D:4      | Found a staircase to the Ecumenical Temple.
  3710 | D:5      | Entered Level 5 of the Dungeon
  3710 | D:5      | Found Kusami's Magic Scroll Shoppe.
  4063 | D:5      | Got Waefees's Tome of Excruciating Ignition
  4140 | D:5      | Reached XP level 8. HP: 60/61 MP: 8/8
  4145 | D:5      | Reached skill level 7 in Axes
  4403 | D:5      | Reached skill level 1 in Stealth
  4478 | D:5      | Reached skill level 5 in Armour
  4697 | D:6      | Noticed a two-headed ogre
  4714 | D:6      | Mangled by a two-headed ogre

Illustrated notes

Levels and vault maps discovered:
D:1:      minmay_arrival_glassed_features, layout_basic, minmay_pentomino_s4
D:2:      layout_loops_cross, basic_altar
D:3:      layout_rooms, uniq_crazy_yiuf_cottage
D:4:      layout_gridville, mainiacjoe_overflow_alcove_4,
          grunt_temple_overflow_open, minmay_temple_entry_junction_2
D:5:      layout_cave_pools, serial_shops, nicolae_stop_n_shop_2, minivault_19,
          chequers_serial_rivers_micro_d, chequers_serial_rivers_small_b
D:6:      layout_rooms

Skill      XL: |  1  2  3  4  5  6  7  8 |
---------------+-------------------------+-----
Axes           | 3 4 5 6 7 |  7.8
Armour         | 4 5 |  5.1
Shields        | 4 |  4.7
Fighting       | 4 |  4.7
Dodging        | 1 |  1.1
Stealth        | 1 |  1.5

Action                   |  1- 3 |  4- 6 |  7- 9 || total
-------------------------+-------+-------+-------++-------
Melee: War axe           |    99 |    89 |   125 ||   313
Throw: Dart              |       |       |     3 ||     3
 Abil: Dig               |     2 |     6 |     7 ||    15
  Use: Scroll            |       |     3 |       ||     3
       Potion            |       |     1 |     1 ||     2
Armor: Scale mail        |    34 |       |       ||    34
       Chain mail        |    20 |    33 |    53 ||   106
Dodge: Dodged            |    59 |    60 |    73 ||   192
Block: Buckler           |    22 |    10 |    33 ||    65

Table legend: (Time is in decaauts)
 A = Elapsed time spent in this place.
 B = Non-inter-level travel time spent in this place.
 C = Inter-level travel time spent in this place.
 D = Time resting spent in this place.
 E = Time spent auto-exploring this place.
 F = Levels seen in this place.
 G = Mean time per level.
                   A        B        C        D        E       F      G
               +--------+--------+--------+--------+--------+-----+--------+
         Total |   4809 |   4809 |      0 |   1103 |      0 |   6 |  801.5 |
       Dungeon |   4809 |   4809 |      0 |   1103 |      0 |   6 |  801.5 |
               +--------+--------+--------+--------+--------+-----+--------+

Top non-repeatable levels by time:
     D:4: 1174 daAuts
     D:1: 1001 daAuts
     D:5: 986 daAuts
     D:3: 820 daAuts
     D:2: 795 daAuts
     D:6: 31 daAuts
